[Event "*** Titled Tuesday Blitz"]
[Site "Chess.com"]
[Date "2018.01.02"]
[Round "1"]
[White "GM_Huschenbeth"]
[Black "Robert_Chessmood"]
[Result "0-1"]
[WhiteElo "2392"]
[BlackElo "2733"]
[TimeControl "180+2"]
[EndTime "13:09:05 PST"]
[Termination "Robert_Chessmood won by resignation"]

1. e4 c6 2. d4 d5 3. e5 Bf5 4.
Nf3 e6 5. Be2 Ne7 6. O-O h6 7.
a4 c5 8. dxc5 Nec6 9. Be3 Nd7 10.
Nd4 Nxd4 11. Bxd4 Bxc5 12. Bxc5 Nxc5 13. Bb5+ Nd7 14. a5 O-O 15. Re1 Rc8 16. c3 Bxb1 17.
Rxb1 a6 18. Ba4 Qc7 19. Qd4 Rfd8 20. Ra1 Nb8 21. Bc2 Nc6 22. Qd3 g6 23. Qe3 Kg7 24.
Qf4 Qe7 25. h4 d4 26. cxd4 Rxd4 27. Re4 Rcd8 28. Rae1 Rxe4 29. Rxe4 Nxa5 30. h5 g5 31.
Qf3 Nc6 32. Bb1 Nd4 33. Qc3 Qd7 34. Re1 Qc8 35. Qd3 Nf5 36. Qh3 Rd2 37. Bxf5 exf5 38.
e6 fxe6 39. Qe3 Rd5 40. Qxe6 Qxe6 41. Rxe6 Rb5 42. Re2 g4 43. g3 Kf6 44. Kg2 Kg5 45. f4+ gxf3+ 46. Kxf3 Rb3+ 47. Kg2 Kxh5 48. Kh3 f4 0-1

[Event "*** Titled Tuesday Blitz"]
[Site "Chess.com"]
[Date "2018.01.02"]
[Round "1"]
[White "51616516516"]
[Black "manubibi"]
[Result "0-1"]
[WhiteElo "2054"]
[BlackElo "2449"]
[TimeControl "180+2"]
[EndTime "13:09:06 PST"]
[Termination "manubibi won by resignation"]

1. d4 Nf6 2. c4 g6 3. Nf3 Bg7 4. g3 O-O 5. Bg2 d6 6. O-O Nc6 7. Nc3 Bf5 8. Ne1 Qc8 9. Nc2 Bxc2 10. Qxc2 Nxd4 11. Qd1 c5 12. e3 Nc6 13. Qa4 Nd7 14.
Qc2 Nb6 15. b3 e6 16. Bb2 Rd8 17. Rad1 Qc7 18. Rd2 Nb4 19. Qb1 d5 20. cxd5 N4xd5 21. Nb5 Qe7 22. Bxg7 Kxg7 23. Rfd1 a6 24. Qb2+ Qf6 25.
Qxf6+ Kxf6 26. Nc7 Rac8 27. Nxd5+ exd5 28. Bxd5 Rc7 29.
Bf3 Rxd2 30. Rxd2 Ke7 31. Kg2 Nc8 32. h4 b5 33. Bd5 Nd6 34. e4 f6 35. f4 c4 36. bxc4 Nxc4 37. Rd3 a5 38. Kf3 b4 39. Bxc4 Rxc4 40. Rd5 Rc3+ 41. Kg4 h5+ 42. Kh3 Ra3 43. Rd2 Ke6 44. Kg2 Re3 45. f5+ gxf5 46. exf5+ Ke5 47. Rf2 Ke4 48. Rd2 Kxf5 49. Rd5+ Re5 50. Rd2 Ke4 51. Re2+ Kd3 52. Rxe5 fxe5 53. g4 Ke4 54. g5 Kf5 55.
Kf2 a4 56. Ke2 b3 57. axb3 axb3 58. Kd2 e4 59. Kc3 e3 60. Kxb3 e2 0-1

[Event "*** Titled Tuesday Blitz"]
[Site "Chess.com"]
[Date "2018.01.02"]
[Round "1"]
[White "Big_Fishy"]
[Black "Iball95"]
[Result "1-0"]
[WhiteElo "2335"]
[BlackElo "2590"]
[TimeControl "180+2"]
[EndTime "13:09:09 PST"]
[Termination "Big_Fishy won by checkmate"]

1. d4 d5 2. Nc3 Nf6 3. Bf4 c5 4. e3 a6 5. Nf3 cxd4 6. exd4 Nc6 7. h3 Bf5 8. g4 Bg6 9. Bg2 e6 10. O-O Bd6 11. Ne5 Bxe5 12. dxe5 Nd7 13. Re1 h5 14. g5 Nb6 15. b3 Rc8 16. a3 Qc7 17. Ne2 Ne7 18. Nd4 Nf5 19. Rc1 Nxd4 20. Qxd4 O-O 21. Be3 Nd7 22. c4 Qxe5 23. cxd5 exd5 24. Qxd5 Rcd8 25.
Qxe5 Nxe5 26. Bb6 Nd3 27. Bxd8 Nxc1 28. Rxc1 Rxd8 29. Bxb7 Rd3 30. Bxa6 Rxb3 31. a4 Rxh3 32. Kg2 Rh4 33. Bb5 Rg4+ 34. Kf1 Rxg5 35. Rc3 Be4 36.
f3 Bd5 37. Kf2 g6 38. Rc5 Rf5 39. Be2 Be6 40. Rxf5 Bxf5 41. a5 Bc8 42. a6 Kf8 43. a7 Bb7 44. f4 g5 45. Bf3 Bxf3 46. Kxf3 g4+ 47. Kg3 f5 48. a8=Q+ Kg7 49. Qd5 Kg6 50. Qe6+ Kg7 51. Qxf5 h4+ 52. Kxh4 g3 53. Kxg3 Kh6 54. Qg4 Kh7 55. f5 Kh8 56. f6 Kh7 57. Qg7# 1-0

[Event "*** Titled Tuesday Blitz"]
[Site "Chess.com"]
[Date "2018.01.02"]
[Round "1"]
[White "JustaTrickstar"]
[Black "Alohamora11"]
[Result "1-0"]
[WhiteElo "2464"]
[BlackElo "2109"]
[TimeControl "180+2"]
[EndTime "13:09:12 PST"]
[Termination "JustaTrickstar won by resignation"]

1. d4 Nf6 2. c4 c5 3. d5 e6 4. Nc3 exd5 5. cxd5 d6 6. Nf3 g6 7. Nd2 Nbd7 8. e4 Bg7 9. Be2 O-O 10. O-O Re8 11. a4 Ne5 12. Ra3 Bg4 13. Bxg4 Nfxg4 14. h3 Nf6 15. Qc2 Nh5 16. f4 Nd7 17. Nd1 Bd4+ 18.
Kh2 Qh4 19. g3 Qe7 20. Re1 f5 21. Nc3 Nhf6 22. Nf3 fxe4 23. Ng5 Bxc3 24. bxc3 Nxd5 25. Rxe4 Qg7 26. c4 N5f6 27. Rxe8+ Rxe8 28. Rd3 h6 29. Nf3 Ne4 30. Bb2 Qf7 31. Re3 Ndf6 32. Nh4 g5 33.
Nf5 Qg6 34. g4 h5 35. Bxf6 hxg4 36. Rxe4 Rxe4 37. Qxe4 Qxf6 38. hxg4 gxf4 39. Qxf4 Qb2+ 40. Kh3 Qb3+ 41. Kh4 Qe3 42. Qxe3 1-0

[Event "*** Titled Tuesday Blitz"]
[Site "Chess.com"]
[Date "2018.01.02"]
[Round "1"]
[White "Slmctk"]
[Black "Th3ChessViking"]
[Result "1-0"]
[WhiteElo "2320"]
[BlackElo "2421"]
[TimeControl "180+2"]
[EndTime "13:09:14 PST"]
[Termination "Slmctk won by checkmate"]

1. d4 Nf6 2. Nf3 e6 3. c4 c5 4. e3 cxd4 5. exd4 Bb4+ 6. Bd2 Bxd2+ 7. Qxd2 d5 8. c5 O-O 9. Nc3 b6 10. b4 a5 11. b5 bxc5 12. dxc5 e5 13. c6 d4 14. Na4 Bg4 15. Be2 Bxf3 16. gxf3 Nd5 17. O-O Nf4 18. Kh1 f5 19. Bc4+ Kh8 20. Rae1 Qf6 21.
Nb6 Ra7 22. Nd5 Nxd5 23. Bxd5 Nd7 24. cxd7 Rxd7 25. Bc6 Rd6 26. a4 Qh4 27. Rg1 Rh6 28. Rg2 e4 29. Qxd4 Rg8 30. fxe4 f4 31. Qe5 f3 32.
Rg5 Rf6 33. Reg1 Qh6 34. Bd5 Rc8 35. Rxg7 Qxg7 36. Rxg7 Kxg7 37. Qg5+ Rg6 38. Qe5+ Kh6 39. Qf4+ Kg7 40. Bc6 Rd8 41. Qe5+ Kh6 42. Bd5 Rc8 43.
Qf4+ Kg7 44. Bc6 Rd8 45. Qxf3 Rd2 46. h4 Rdd6 47. Kh2 Rdf6 48. Qe3 Kf8 49. e5 Rf5 50. f4 Rh6 51. Kg3 Rfh5 52. Qc5+ Kg7 53. Qe7+ Kg8 54. Bd5+ Kh8 55. Qf8# 1-0

[Event "*** Titled Tuesday Blitz"]
[Site "Chess.com"]
[Date "2018.01.02"]
[Round "1"]
[White "luisgui16"]
[Black "Summer-Paradise"]
[Result "0-1"]
[WhiteElo "2253"]
[BlackElo "2535"]
[TimeControl "180+2"]
[EndTime "13:09:20 PST"]
[Termination "Summer-Paradise won by resignation"]

1. e4 c5 2. Nf3 d6 3. d4 cxd4 4. Nxd4 Nf6 5. Nc3 a6 6. Bg5 Nbd7 7. f4 Qc7 8. Qf3 b5 9. O-O-O Bb7 10. Bd3 g6 11. Rhe1 Bg7 12. Nd5 Nxd5 13. exd5 Nf6 14. Nc6 Bxc6 15. dxc6 d5 16. f5 Qxc6 17. fxg6 hxg6 18.
Re2 Ra7 19. Rde1 Qd6 20. Qe3 Rb7 21. h3 O-O 22. Bf4 Qd8 23. Be5 e6 24. Qd4 Ne8 25. h4 Bxe5 26. Rxe5 Ng7 27. h5 f6 28. Rxe6 Nxe6 29.
Rxe6 Re7 30. Rxa6 gxh5 31. Bxb5 Re5 32. a4 Qe7 33. Kb1 Rd8 34. Ra7 Qf8 35. Ka2 Re7 36.
Ra6 Rf7 37. Bd3 Qe7 38. b3 Rg7 39. Rxf6 Rxg2 40. Rf5 h4 41. Rh5 Qg7 42. Qxg7+ Kxg7 43. Rxh4 Kf6 44. Rh6+ Ke5 45. a5 Kd4 46. a6 Rg1 47. Rh4+ Kc3 48. Ra4 Ra8 49. a7 Rg7 50. Ra5 Rgxa7 51.
Rxa7 Rxa7+ 52. Kb1 d4 53. Be4 Re7 54. Bd3 Re1+ 55.
Ka2 Rc1 0-1

[Event "*** Titled Tuesday Blitz"]
[Site "Chess.com"]
[Date "2018.01.02"]
[Round "1"]
[White "julinha97"]
[Black "TheBigBoss04"]
[Result "0-1"]
[WhiteElo "2207"]
[BlackElo "2495"]
[TimeControl "180+2"]
[EndTime "13:09:21 PST"]
[Termination "TheBigBoss04 won by resignation"]

1. e4 c6 2. d4 d5 3. exd5 cxd5 4.
c4 Nf6 5. Nc3 g6 6. Qb3 Bg7 7.
cxd5 O-O 8. Be2 Nbd7 9. Bf3 Nb6 10. Nge2 Bg4 11. Bxg4 Nxg4 12. O-O Nf6 13. d6 Qxd6 14. Bg5 Nfd5 15. Ne4 Qd7 16. Nc5 Qf5 17. Be3 Nxe3 18. fxe3 Qd5 19. Nf4 Qxb3 20. axb3 e5 21. dxe5 Bxe5 22.
Rf2 Rfc8 23. b4 Nc4 24. Nfd3 b6 25. Nxe5 Nxe5 26. Ne4 Rc4 27. Nd6 Rxb4 28. Raf1 f5 29. Rc2 Rd8 30. Rd1 Nf7 31. Rcd2 Nxd6 32. Rxd6 Rxd6 33.
Rxd6 Rxb2 34. Rd8+ Kg7 35. Rd7+ Kf6 36. Rxa7 h5 37. Rb7 h4 38. h3 b5 39. Rb6+ Kg5 40. Kf1 b4 41. Kg1 b3 42. Kf1 Kh6 43. Kg1 Kh5 44. Rb5 Kg5 45. Kf1 Kf6 46. Rb6+ Ke5 47.
Rxg6 Rc2 48. Rb6 b2 49. Rb5+ Kd6 0-1

[Event "*** Titled Tuesday Blitz"]
[Site "Chess.com"]
[Date "2018.01.02"]
[Round "1"]
[White "guillembaches"]
[Black "TheLancer"]
[Result "0-1"]
[WhiteElo "2206"]
[BlackElo "2502"]
[TimeControl "180+2"]
[EndTime "13:09:25 PST"]
[Termination "TheLancer won on time"]

1. d4 Nf6 2. Bf4 e6 3. e3 c5 4. c3 b6 5. Nd2 Bb7 6. Ngf3 Be7 7. Bd3 O-O 8. h3 cxd4 9. exd4 d6 10. O-O a6 11. a4 Re8 12. Qe2 Nbd7 13. Bh2 Nf8 14. Nc4 Ng6 15. Rfe1 Nd5 16. Qd2 Nh4 17. Nxh4 Bxh4 18.
Be4 Bg5 19. Qe2 Be7 20. Bf3 Bf8 21. Ne3 Qg5 22. Nxd5 Bxd5 23. Bxd5 Qxd5 24. Red1 b5 25. axb5 axb5 26. Qg4 Reb8 27. Qe2 g6 28. Rac1 Rc8 29. Bg3 Ra2 30. Ra1 Rxc3 31. Rxa2 Qxa2 32. Qxb5 Qb3 33.
Qe2 Rc2 34. Qe1 Rxb2 35. h4 h5 36. Kh2 Qd5 37. Qe3 Rb3 38. Qe2 Bh6 39. Ra1 Qxd4 40. Ra8+ Kg7 41. Rd8 Bf4 42. Qc2 Bxg3+ 43. fxg3 Qd3 44. Qf2 d5 45. Rd7 Qf5 46. Qc2 Qxc2 47.
Rxf7+ Kxf7 0-1

[Event "*** Titled Tuesday Blitz"]
[Site "Chess.com"]
[Date "2018.01.02"]
[Round "1"]
[White "Angry_Serb"]
[Black "VeraNebolsina"]
[Result "1-0"]
[WhiteElo "2430"]
[BlackElo "1963"]
[TimeControl "180+2"]
[EndTime "13:09:27 PST"]
[Termination "Angry_Serb won by resignation"]

1. e4 c5 2. Nc3 Nc6 3. Bb5 g6 4.
Bxc6 bxc6 5. d3 Bg7 6. f4 d6 7. Nf3 Nf6 8. O-O O-O 9. Qe1 Ne8 10. Kh1 Nc7 11. b3 Nb5 12. Bb2 Qa5 13. Na4 Qxe1 14. Raxe1 Bxb2 15. Nxb2 Bg4 16. h3 Bxf3 17. Rxf3 Nc3 18.
a4 e6 19. Nc4 Rfd8 20. e5 d5 21. Na5 Rdc8 22. Nb7 c4 23. dxc4 Na2 24. Nd6 Rcb8 25. g4 Nb4 26. Re2 Na6 27. f5 Nc5 28. fxe6 fxe6 29. Rf6 Rf8 30. Ref2 Rxf6 31. exf6 Kf8 32. f7 Rd8 33. Ne8 dxc4 34. bxc4 Rd4 35. Nf6 Kxf7 36.
Ne4+ Ke7 37. Nxc5 Rxc4 38. Nb3 Rxa4 39. Kg2 Ra2 40. Kf3 a5 41. Nd4 a4 42. Nxc6+ Kd6 43. Nb4 Rb2 44. Rd2+ Ke7 45. Nd3 Rb1 46. c4 a3 47. Ra2 Rb3 48. Ke4 Kd6 49. Kd4 e5+ 50. Nxe5 Rxh3 51. Nd3 Rg3 52. Rxa3 Rxg4+ 53. Kc3 Rg3 54.
Ra6+ Kc7 55. Ra7+ Kc6 56. Rxh7 g5 57. Rg7 g4 58. Rxg4 1-0

[Event "*** Titled Tuesday Blitz"]
[Site "Chess.com"]
[Date "2018.01.02"]
[Round "1"]
[White "Alexander_Moskalenko"]
[Black "Boryboy"]
[Result "1-0"]
[WhiteElo "2753"]
[BlackElo "2409"]
[TimeControl "180+2"]
[EndTime "13:09:30 PST"]
[Termination "Alexander_Moskalenko won by resignation"]

1. e4 e6 2. d4 d5 3. Nc3 Bb4 4. Qd3 Ne7 5. Ne2 b6 6. Qg3 O-O 7. a3 Bxc3+ 8. Nxc3 dxe4 9. Bg5 Bb7 10. O-O-O Nd7 11. h4 Kh8 12. h5 h6 13. Bf4 Rc8 14.
Be2 Nf6 15. Be5 Nf5 16. Qh2 Nd7 17. Bf4 Qf6 18. g4 Nxd4 19. Rxd4 Qxd4 20. Rd1 Qf6 21. Rxd7 Bc6 22. Rd2 Rfd8 23. Rxd8+ Qxd8 24. Qg3 f6 25. Qe3 e5 26. Bxh6 Qd4 27. Qd2 Qxf2 28. Be3 Qh2 29. b4 Rf8 30. Kb2 Qg3 31. h6 g5 32.
b5 Be8 33. Nd5 Qh4 34. Nxf6 Qxh6 35. Bxg5 Qg7 36. Nxe4 Qg6 37. Bd3 Bxb5 38. Qh2+ Kg7 39. Bxb5 Qxe4 40. Bh6+ Kg8 41. Bxf8 Kxf8 42. Qf2+ Ke7 43.
g5 Qg6 44. Qe3 Kd6 45. Bd3 Qg7 46. Be4 Ke7 47. g6 Qf6 48. Qf3 Qg7 49. Qf5 b5 50. Kc3 a5 51. Kb2 c5 52. Qc8 Kf6 53. Qxc5 b4 54. Qf2+ Ke6 55. Qb6+ 1-0

[Event "*** Titled Tuesday Blitz"]
[Site "Chess.com"]
[Date "2018.01.02"]
[Round "1"]
[White "moro182"]
[Black "catalin009"]
[Result "0-1"]
[WhiteElo "2610"]
[BlackElo "2360"]
[TimeControl "180+2"]
[EndTime "13:09:32 PST"]
[Termination "catalin009 won by resignation"]

1. d4 Nf6 2. Bf4 e6 3. e3 b6 4.
Nf3 Bb7 5. Nbd2 c5 6. c3 Be7 7.
h3 O-O 8. Bd3 cxd4 9. exd4 d6 10. O-O Nbd7 11. Qe2 h6 12. Rfe1 Re8 13. Rad1 a6 14.
Nc4 Qc7 15. Ne3 b5 16. Bb1 Be4 17. Bxe4 Nxe4 18. d5 e5 19. Nf5 Ndf6 20. Bc1 Bf8 21. Qd3 Qd7 22. Ne3 Rac8 23. a3 g6 24. Nc2 Nc5 25.
Qe2 a5 26. Be3 Nce4 27. Bb6 Ra8 28. Qd3 Reb8 29. Be3 Rc8 30. Nd2 Nxd2 31. Qxd2 Bg7 32. Bxh6 Qf5 33. Bxg7 Kxg7 34. Qe2 Nh5 35. Ne3 Qg5 36.
Qxb5 Nf4 37. Kh2 Rab8 38. Qd7 Rh8 39. Qg4 Qxg4 40. Nxg4 Rxb2 41. c4 f5 42. Ne3 Rxf2 43. Kg1 Ra2 44. Ra1 Rxa1 45. Rxa1 Rb8 46. Rc1 Nd3 47.
Rc3 Nc5 48. h4 e4 49. Kh2 Kf6 50. g3 Ke5 51. Ng2 Rb2 52. Kh3 Nd3 53. h5 g5 54. Ne3 Nf2+ 55. Kg2 Nd1+ 56. Kg1 Nxc3 0-1

[Event "*** Titled Tuesday Blitz"]
[Site "Chess.com"]
[Date "2018.01.02"]
[Round "1"]
[White "1e41-0"]
[Black "attack2mateU"]
[Result "0-1"]
[WhiteElo "2346"]
[BlackElo "2630"]
[TimeControl "180+2"]
[EndTime "13:09:33 PST"]
[Termination "attack2mateU won by resignation"]

1. d4 Nf6 2. c4 e6 3. Nc3 Bb4 4. f3 d5 5. a3 Bxc3+ 6. bxc3 c5 7. cxd5 Nxd5 8. Qd2 O-O 9. e4 Ne7 10. Bb2 Qc7 11. Rc1 b6 12. Bd3 Ba6 13. Bxa6 Nxa6 14.
Ne2 Rfd8 15. O-O Rac8 16. Ng3 Qd7 17. Nh5 Ng6 18. Rfd1 Nb8 19. d5 Nc6 20. c4 e5 21.
Qg5 f6 22. Qxf6 Nd4 23. Bxd4 gxf6 24. Nxf6+ Kf7 25. Nxd7 cxd4 26. Nxe5+ Nxe5 27. Rxd4 b5 28. c5 Nc4 29. c6 a6 30. Rd3 Ke7 31. Rdc3 Kd6 32.
Kf2 Rg8 33. g3 Rce8 34. Re1 Kc5 35. Rd1 Rgf8 36. Ke2 h5 37. Rg1 Rf7 38. Rd1 Ref8 39. Rdd3 Kd6 40. f4 Re8 41. e5+ Kc5 42. Kf2 Rxe5 43. c7 Re8 44. d6 Rd7 45. f5 Rxd6 46.
Rxd6 Kxd6 47. f6 Kxc7 48. Rf3 Rf8 49. Rf5 Nxa3 50. h3 b4 51. g4 hxg4 52. hxg4 b3 53. g5 b2 54. g6 b1=Q 55. Rc5+ Kd6 56. f7 Kxc5 0-1

[Event "*** Titled Tuesday Blitz"]
[Site "Chess.com"]
[Date "2018.01.02"]
[Round "1"]
[White "aa175"]
[Black "asms9699"]
[Result "0-1"]
[WhiteElo "1902"]
[BlackElo "2427"]
[TimeControl "180+2"]
[EndTime "13:09:43 PST"]
[Termination "asms9699 won by checkmate"]

1. e4 c5 2. Nf3 d6 3. d4 cxd4 4.
Nxd4 Nf6 5. Nc3 Nc6 6. Bg5 e6 7. Qd2 a6 8. O-O-O Bd7 9. f4 b5 10. Bxf6 gxf6 11. Kb1 Qb6 12. Nxc6 Bxc6 13. Qe1 Be7 14.
Bd3 b4 15. Ne2 a5 16. f5 e5 17. Ng3 h5 18. Qe2 h4 19. Nf1 a4 20. Ne3 b3 21.
cxb3 axb3 22. a3 h3 23. g4 Ra4 24. Rc1 Bxe4 25. Ka1 Bxd3 26. Qxd3 Rxa3+ 27. bxa3 b2+ 28. Ka2 bxc1=Q 29. Rxc1 O-O 30. Nd5 Qb7 31. Rc7 Qa8 32.
Nxe7+ Kg7 33. g5 Qg2+ 34. Rc2 Qxg5 35. Qxd6 Ra8 36. Nd5 Ra4 37. Qc6 Rg4 38. Qc3 Qxf5 39. Ne3 Qe6+ 40. Kb2 Rd4 41. Rf2 Qb6+ 42. Ka2 Qe6+ 43.
Kb2 Qb6+ 44. Ka2 Qe6+ 45. Kb2 Qb6+ 46. Kc2 Kg6 47. Nf5 Rg4 48. Nh4+ Kh5 49. Qe1 Qc5+ 50. Kb1 Qb5+ 51. Rb2 Qd3+ 52. Ka2 Rxh4 53. Qg1 Qc4+ 54. Kb1 Rg4 55. Qd1 Kg5 56. Qd2+ Kg6 57. Qd8 Rg1+ 58.
Qd1 Rxd1# 0-1

[Event "*** Titled Tuesday Blitz"]
[Site "Chess.com"]
[Date "2018.01.02"]
[Round "1"]
[White "plouarzel"]
[Black "GM_dmitrij"]
[Result "0-1"]
[WhiteElo "2342"]
[BlackElo "2627"]
[TimeControl "180+2"]
[EndTime "13:09:50 PST"]
[Termination "GM_dmitrij won by resignation"]

1. e4 e5 2. f4 exf4 3. Nf3 Nf6 4. Nc3 d5 5. exd5 Nxd5 6. Bc4 Be6 7. Nxd5 Bxd5 8. Qe2+ Be7 9. d4 Nc6 10. Bxf4 O-O 11.
Bxd5 Qxd5 12. c3 Rfe8 13. O-O Bd6 14. Qd2 f6 15. Rae1 Ne7 16. Bxd6 cxd6 17. a3 b5 18. Qd3 Ng6 19. g3 Qc4 20. Qf5 Qc6 21. h4 d5 22. h5 Ne7 23. Qg4 Rad8 24. h6 g6 25. Qh3 Qd7 26. Qxd7 Rxd7 27. Re6 Rf8 28. Rfe1 Nf5 29. Kf2 Nxh6 30. Ra6 Nf5 31. Ree6 Kg7 32. Ra5 Rb8 33. g4 Nd6 34. Ra6 Ne4+ 35. Kg2 Rbb7 36.
Rac6 Re7 37. Rxe7+ Rxe7 38. Ra6 Rd7 39. Ne1 Kh6 40.
Nd3 Kg5 41. Kf3 h5 42. gxh5 Kxh5 43. Nc5 Re7 44. Nxe4 dxe4+ 45. Ke3 f5 46. Rf6 Kg5 47. Rf8 Kg4 48. d5 g5 49. d6 f4+ 50. Kd4 Rd7 51.
Kd5 e3 52. Kc6 Rxd6+ 53. Kxd6 f3 54. Kc5 e2 55. Re8 f2 56. Rxe2 f1=Q 57. Re4+ Kf5 0-1

[Event "*** Titled Tuesday Blitz"]
[Site "Chess.com"]
[Date "2018.01.02"]
[Round "1"]
[White "juniortay"]
[Black "Marcus_Harvey"]
[Result "0-1"]
[WhiteElo "2298"]
[BlackElo "2574"]
[TimeControl "180+2"]
[EndTime "13:09:50 PST"]
[Termination "Marcus_Harvey won by resignation"]

1. e4 e6 2. Nf3 d5 3. Nc3 Nf6 4. e5 Nfd7 5. d4 c5 6. Bg5 Qb6 7. dxc5 Nxc5 8. Bb5+ Bd7 9. Bxd7+ Nbxd7 10. O-O Qxb2 11.
Qd2 Ne4 12. Nxe4 dxe4 13. Rab1 Qxa2 14. Rxb7 Qd5 15. Qxd5 exd5 16. e6 fxe6 17. Nd4 Be7 18. Nxe6 Bxg5 19. Nxg5 Ke7 20. Rd1 Rhb8 21. Rxb8 Rxb8 22.
Ra1 h6 23. Nh3 g5 24. g3 Ra8 25. Ra6 Nb6 26. Kf1 Kd6 27. Ke2 Kc5 28. f4 exf3+ 29. Kxf3 Kb5 30. Ra1 a5 31. Nf2 Rf8+ 32. Ke2 Nc4 33.
Rb1+ Kc5 34. c3 Ne5 35. Ra1 Ra8 36. Ke1 a4 37. Ra3 Nf3+ 38. Ke2 Ne5 39. Nd1 Nc4 40. Ra2 a3 41. Nf2 Re8+ 42. Kd1 Re3 43. Ng4 Rd3+ 44. Ke1 h5 45. Nf6 h4 46. gxh4 gxh4 47. Nd7+ Kd6 48. Nf6 Rxc3 49. Ke2 h3 50. Nh5 Kc5 51. Nf4 Re3+ 52.
Kd1 Rf3 53. Ne2 Rf2 54. Nc3 Rxa2 55. Nxa2 Kd4 56. Ke2 Ne5 57. Kf2 Nd3+ 58. Kg3 Kc4 59. Kxh3 Kb3 60. Kg4 Kxa2 61. h4 Kb3 62. h5 a2 63. h6 a1=Q 64. h7 Qg7+ 65. Kh5 Qxh7+ 0-1

[Event "*** Titled Tuesday Blitz"]
[Site "Chess.com"]
[Date "2018.01.02"]
[Round "1"]
[White "RaphaeI"]
[Black "pedromartinez91"]
[Result "1-0"]
[WhiteElo "2504"]
[BlackElo "2210"]
[TimeControl "180+2"]
[EndTime "13:09:57 PST"]
[Termination "RaphaeI won by checkmate"]

1. d4 Nf6 2. c4 g6 3. Nc3 Bg7 4. e4 O-O 5. Be2 c6 6. e5 Ne8 7. f4 d6 8. Be3 Nc7 9. Nf3 Bg4 10. Qb3 Nba6 11. h3 Bxf3 12. Bxf3 Rb8 13. O-O dxe5 14.
dxe5 Ne6 15. Rad1 Qa5 16. a3 Rfd8 17. Qa4 Qc7 18. Bxa7 Ra8 19. Be3 Nac5 20. Qc2 Bh6 21. g3 Rxd1 22. Rxd1 Rd8 23. b4 Na6 24. Bg4 Rd7 25.
h4 Qd8 26. Bxe6 fxe6 27. Rxd7 Qxd7 28. Qd1 Qc7 29. Ne4 Kf7 30. Kf2 b5 31. Qd3 Qb7 32.
c5 Nc7 33. Nc3 Qa6 34. Bc1 Nd5 35. Nxd5 exd5 36. h5 e6 37. g4 Qc8 38. hxg6+ hxg6 39. Qh3 Qh8 40. f5 Bg7 41. Qxh8 Bxh8 42. f6 Bxf6 43. exf6 Kxf6 44. Bb2+ Kg5 45. Kf3 Kh4 46. Be5 Kg5 47. Kg3 Kh6 48. Kf4 g5+ 49. Ke3 Kg6 50. Kd4 Kf7 51.
Bc7 Kf6 52. Bd8+ Kg6 53. Ke5 Kf7 54. Bxg5 Kg6 55. Be3 Kf7 56. Kd6 Kf6 57. Bd4+ Kg5 58. Kxe6 Kxg4 59. Kd6 Kf4 60. Kxc6 Ke4 61. Bh8 d4 62.
Bxd4 Kxd4 63. Kxb5 Kc3 64. c6 Kb3 65. c7 Kxa3 66. c8=Q Ka2 67. Qc3 Kb1 68. Qd2 Ka1 69. Ka4 Kb1 70. Kb3 Ka1 71. Qa2# 1-0

[Event "*** Titled Tuesday Blitz"]
[Site "Chess.com"]
[Date "2018.01.02"]
[Round "1"]
[White "Abrito99"]
[Black "Dr-Bassem"]
[Result "0-1"]
[WhiteElo "2349"]
[BlackElo "2637"]
[TimeControl "180+2"]
[EndTime "13:10:00 PST"]
[Termination "Dr-Bassem won by resignation"]

1. e4 e5 2. Nf3 Nc6 3. Bc4 Nf6 4. d3 h6 5. c3 d6 6. O-O g6 7.
Re1 Bg7 8. d4 O-O 9. h3 exd4 10.
Nxd4 Re8 11. Nxc6 bxc6 12. Bd3 c5 13. Nd2 Bb7 14. Qa4 a6 15. Nb3 Qd7 16. Qxd7 Nxd7 17. Na5 Bc8 18. Bc4 Rb8 19. Bb3 Ne5 20. Rd1 Be6 21. f4 Nd7 22. Bc2 Rb5 23. Nb3 Nf6 24. Nd2 Bd7 25. Nf3 Nxe4 26. Ba4 Ng3 27. Bxb5 Bxb5 28.
Re1 Ne4 29. Be3 f5 30. Rad1 Bc4 31. a3 Bb3 32. Rc1 a5 33. Nh4 Kf7 34. g4 Be6 35.
Kg2 Bf6 36. gxf5 gxf5 37. Nf3 Bd5 38. Kh2 Nxc3 39. Ne5+ dxe5 40. bxc3 c4 41. Rcd1 c6 42. Rb1 exf4 43. Rb7+ Kg6 44. Bd2 Rxe1 45. Bxe1 f3 46. Kg1 Bg5 47. Ra7 Be3+ 48. Bf2 Bxa7 49. Bxa7 f4 50.
Kf2 Kf5 51. Bb6 Ke4 52. Bxa5 h5 53. Bb4 Kd3 54. h4 c5 55. Ba5 Kc2 56. a4 Kb3 57.
Bb6 Kxc3 58. Bxc5 Kb3 59. a5 c3 60. Bd6 c2 61. Bxf4 Kb2 0-1

[Event "*** Titled Tuesday Blitz"]
[Site "Chess.com"]
[Date "2018.01.02"]
[Round "1"]
[White "DrZeiss"]
[Black "Kimster98"]
[Result "0-1"]
[WhiteElo "2168"]
[BlackElo "2479"]
[TimeControl "180+2"]
[EndTime "13:10:00 PST"]
[Termination "Kimster98 won by resignation"]

1. e4 e5 2. Nf3 Nc6 3. Bb5 a6 4. Ba4 Nf6 5. O-O Be7 6. Re1 b5 7.
Bb3 d6 8. c3 O-O 9. h3 Nb8 10.
d4 Nbd7 11. Nbd2 Bb7 12. Bc2 Re8 13. Nf1 Bf8 14. Ng3 g6 15. b4 Bg7 16. Bb2 d5 17. exd5 Nxd5 18. Bb3 exd4 19. Rxe8+ Qxe8 20. Nxd4 N7b6 21.
Qd2 Qf8 22. Re1 c5 23. bxc5 Qxc5 24. Ne4 Qc7 25. Ng5 Nc4 26. Qc1 h6 27. Ne4 Nxb2 28. Qxb2 Rc8 29. Rc1 Nf4 30. Qc2 Bxd4 31. cxd4 Ne2+ 32.
Qxe2 Qxc1+ 33. Kh2 Qf4+ 34. Ng3 Qd6 35. Qe3 Kg7 36.
h4 h5 37. Qg5 f6 38. Qe3 Bd5 39. Bxd5 Qxd5 40. Qe7+ Qf7 41. Qd6 Qxa2 42. Ne4 Rf8 43. Nc5 Re8 44. d5 Qe2 45. Qd7+ Qe7 46. Qc6 Kf7 47. g3 Rd8 48. Ne6 Rxd5 49. Nc7 Rd6 50. Qc3 Qd7 51. Qb3+ Kg7 52. Na8 Qc6 53. Qb4 Rd7 0-1

[Event "*** Titled Tuesday Blitz"]
[Site "Chess.com"]
[Date "2018.01.02"]
[Round "1"]
[White "temiksmozg"]
[Black "AnkitGajwa"]
[Result "1-0"]
[WhiteElo "2472"]
[BlackElo "2147"]
[TimeControl "180+2"]
[EndTime "13:10:13 PST"]
[Termination "temiksmozg won on time"]

1. d4 Nf6 2. c4 g6 3. Nc3 Bg7 4. e4 d6 5. Nf3 O-O 6. Be2 e5 7.
O-O Nc6 8. d5 Ne7 9. Ne1 Nd7 10.
Be3 f5 11. f3 f4 12. Bf2 g5 13. Nd3 Nf6 14. c5 Ng6 15. Rc1 Rf7 16. Kh1 Bf8 17.
Rg1 Rg7 18. Nb5 a6 19. Na3 g4 20. g3 gxf3 21. Bxf3 fxg3 22. Bxg3 h5 23. cxd6 cxd6 24.
Nc4 Ng4 25. h3 b5 26. hxg4 hxg4 27. Bxg4 Nf4 28. Ne3 Rh7+ 29. Bh5 Nxh5 30. Bh2+ Kh8 31. Nf5 Bxf5 32. exf5 Qh4 33. Qg4 Qxg4 34. Rxg4 Nf6 35. Rg6 Nxd5 36. Rcg1 Be7 37. Kg2 Ne3+ 38. Kf3 Nxf5 39.
Bg3 Rf8 40. Ke4 Rg7 41. Nxe5 Nxg3+ 42. R1xg3 Rh7 43. Nc6 Bf6 44. b4 Rg7 45. Rh6+ Kg8 46. Rxg7+ Kxg7 47. Rh5 Re8+ 48. Kd5 Re2 49. Kxd6 Rxa2 50.
Kc5 Kg6 51. Rd5 Bg5 52. Kb6 Be3+ 53. Kb7 1-0

[Event "*** Titled Tuesday Blitz"]
[Site "Chess.com"]
[Date "2018.01.02"]
[Round "1"]
[White "TastyFrenchFries"]
[Black "GMHess"]
[Result "0-1"]
[WhiteElo "2304"]
[BlackElo "2592"]
[TimeControl "180+2"]
[EndTime "13:10:16 PST"]
[Termination "GMHess won by checkmate"]

1. e4 d6 2. d4 Nf6 3. Bd3 e5 4. d5 g6 5. c4 Bg7 6. Nc3 O-O 7. Nge2 a5 8. f3 Na6 9. Be3 Nc5 10. Bc2 Nh5 11.
O-O f5 12. exf5 gxf5 13. b3 Na6 14. a3 Bd7 15. Rb1 Qf6 16. Qd2 Rf7 17. b4 axb4 18.
axb4 Bf8 19. Rfd1 Rg7 20. Kh1 Qh4 21. Qe1 Qf6 22. Bf2 Be7 23. Rd2 Kh8 24. Nd1 Rag8 25. g3 Qh6 26. b5 Nc5 27. Ndc3 Bg5 28. Rdd1 Be3 29. b6 Bxf2 30. Qxf2 Nxg3+ 31. Nxg3 Rxg3 32. bxc7 Rg2 33. Qxg2 Rxg2 34. Kxg2 f4 35. Kh1 Bh3 36. Ra1 Kg7 37. Rg1+ Kf7 38. Ne4 Nxe4 39. Bxe4 Qf8 40. Ra7 Qc8 41. Bxh7 Qxc7 42. Bg6+ Kf6 43.
Be4 Qb6 44. Ra8 Ke7 45. Rh8 Bf5 46. Bxf5 Qd4 47. Be4 Qxc4 48. Rh7+ Kd8 49. Rh8+ Kc7 50. Rh7+ Kb8 51. Rb1 b5 52. Rh8+ Kc7 53. Rh7+ Kb6 54. Rd7 b4 55. Rxd6+ Kb5 56. Re6 Qc3 57. Rxe5 Qxe5 58.
Bd3+ Kc5 59. Be4 Qc3 60. Kg2 b3 61. Kh3 Kd6 62. Kg4 Ke5 63. h4 Qc8+ 64. Kg5 Qg8+ 65.
Kh6 Kf6 66. Rxb3 Qh8+ 67. Bh7 Qg7+ 68. Kh5 Qxh7+ 69. Kg4 Qf5# 0-1